[ AOE2 MATCH · #483352505 ]
UnrankedVietnamese vs Dravidians
[ REPLAY ANALYSIS · EXTRACTED FROM THE RECORDED GAME ]
Feudal
10:19
Castle
15:26
Imperial
33:45
| APM avg | 20.8 |
| APM peak | 81 |
| eAPM avg | 13.1 |
| Villagers / military | 103 / 89 |
Focus
⚔️ 27.1% · 🌾 72.9%
Rattan Archer ×30 · Spearman ×29 · Genitour ×16 · Fire Lancer ×9 · Trebuchet (Packed) ×3 · Monk ×2
Feudal
13:19
Castle
17:47
Imperial
35:05
| APM avg | 34.5 |
| APM peak | 120 |
| eAPM avg | 28.1 |
| Villagers / military | 152 / 578 |
Focus
⚔️ 54.9% · 🌾 45.1%
Spearman ×327 · Samurai ×246 · Trebuchet (Packed) ×5
Feudal
12:35
Castle
16:22
Imperial
30:24
| APM avg | 18.8 |
| APM peak | 51 |
| eAPM avg | 13.1 |
| Villagers / military | 177 / 319 |
Focus
⚔️ 31.1% · 🌾 68.9%
Skirmisher ×158 · Spearman ×66 · Hand Cannoneer ×52 · Mangonel ×25 · Trade Cart ×18 · Unknown (882) ×17
Feudal
13:08
Castle
16:42
Imperial
35:15
| APM avg | 20.6 |
| APM peak | 73 |
| eAPM avg | 17.7 |
| Villagers / military | 204 / 110 |
Focus
⚔️ 24.4% · 🌾 75.6%
Spearman ×40 · Genoese Crossbowman ×37 · Skirmisher ×19 · Unknown (882) ×15 · Hand Cannoneer ×10 · Bombard Cannon ×4
Feudal
15:10
Castle
—
Imperial
—
| APM avg | 11.6 |
| APM peak | 89 |
| eAPM avg | 7.8 |
| Villagers / military | 82 / 0 |
Focus
⚔️ 2.2% · 🌾 97.8%
Feudal
—
Castle
—
Imperial
—
| APM avg | 20.4 |
| APM peak | 59 |
| eAPM avg | 17.7 |
| Villagers / military | 156 / 247 |
Focus
⚔️ 40.4% · 🌾 59.6%
Scout Cavalry ×81 · Knight ×61 · Spearman ×58 · War Elephant ×43 · Unknown (882) ×24 · Monk ×4
Feudal
8:50
Castle
20:23
Imperial
36:33
| APM avg | 17.4 |
| APM peak | 61 |
| eAPM avg | 9.9 |
| Villagers / military | 82 / 62 |
Focus
⚔️ 23.0% · 🌾 77.0%
Battle Elephant ×41 · Skirmisher ×21
Feudal
10:55
Castle
13:32
Imperial
33:49
| APM avg | 35.5 |
| APM peak | 96 |
| eAPM avg | 25.0 |
| Villagers / military | 213 / 667 |
Focus
⚔️ 37.6% · 🌾 62.4%
Karambit Warrior ×550 · Spearman ×93 · Unknown (882) ×25 · Battering Ram ×15 · Monk ×7 · Bombard Cannon ×2
Match map
Initial resources + every placement click. Lines = walls · curves = elevation contours. ◆ gold · ⬟ stone · ● berries · ✦ relic · ◌ wall gap
Your base· ✓ Closed at 15:26 · 0t walls · 2 gate(s)
toledogu.zo's base· ✓ Closed at 17:47 · 1t walls · 3 gate(s)
[MiLiTia]_MARK's base· ✓ Closed at 16:22 · 0t walls · 2 gate(s)
caner's base· ✓ Closed at 16:42 · 0t walls · 2 gate(s)
[ '][' ]\[ '][' ] ● HammeR's base· ✓ Closed at 23:08 · 24t walls · 2 gate(s)
darkoudk's base· ✓ Closed at 13:02 · 0t walls · 3 gate(s)
camilo_dimate's base· ✓ Closed at 20:23 · 0t walls · 3 gate(s)
Zendevaste's base· ✓ Closed at 13:32 · 0t walls · 3 gate(s)
Smoothed initial terrain · ◌ = detected wall gap · hover for details
Inputs per minute
— xtracker - - toledogu.zo
Build order — xtracker
First 150 of 354 actions detected
| 0:03 | Build | House |
| 0:05 | Build | House |
| 0:05 | Create | Villager (Male) |
| 0:05 | Create | Villager (Male) |
| 0:06 | Create | Villager (Male) |
| 0:06 | Create | Villager (Male) |
| 1:32 | Create | Villager (Male) |
| 1:32 | Create | Villager (Male) |
| 2:06 | Create | Villager (Male) |
| 2:06 | Create | Villager (Male) |
| 2:32 | Create | Villager (Male) |
| 3:07 | Create | Villager (Male) |
| 3:07 | Create | Villager (Male) |
| 3:07 | Create | Villager (Male) |
| 4:02 | Build | House |
| 4:16 | Create | Villager (Male) |
| 4:16 | Create | Villager (Male) |
| 4:16 | Create | Villager (Male) |
| 4:47 | Create | Villager (Male) |
| 4:48 | Create | Villager (Male) |
| 4:48 | Create | Villager (Male) |
| 4:48 | Create | Villager (Male) |
| 5:25 | Build | Lumber Camp |
| 5:36 | Build | Mill |
| 6:32 | Build | House |
| 7:19 | Create | Villager (Male) |
| 7:19 | Create | Villager (Male) |
| 8:05 | Research | Feudal Age |
| 8:15 | Build | Mining Camp |
| 9:07 | Build | House |
| 10:19 | Age | Feudal Age |
| 10:41 | Build | Market |
| 10:46 | Build | Blacksmith |
| 11:56 | Build | Blacksmith |
| 12:46 | Research | Castle Age |
| 12:47 | Research | Castle Age |
| 13:12 | Build | Farm |
| 13:20 | Build | Farm |
| 13:24 | Build | Farm |
| 13:27 | Build | Farm |
| 13:31 | Build | Farm |
| 13:56 | Build | Farm |
| 15:26 | Age | Castle Age |
| 15:37 | Build | Town Center |
| 15:47 | Create | Villager (Male) |
| 15:48 | Create | Villager (Male) |
| 15:48 | Create | Villager (Male) |
| 15:48 | Create | Villager (Male) |
| 16:31 | Create | Villager (Male) |
| 16:31 | Create | Villager (Male) |
| 16:32 | Create | Villager (Male) |
| 17:08 | Build | Town Center |
| 17:12 | Create | Villager (Male) |
| 17:18 | Create | Villager (Male) |
| 17:30 | Build | Farm |
| 17:56 | Build | Farm |
| 17:59 | Research | Town Watch |
| 18:04 | Create | Villager (Male) |
| 18:24 | Create | Villager (Male) |
| 18:43 | Create | Villager (Male) |
| 18:56 | Build | Farm |
| 19:05 | Build | House |
| 19:09 | Build | House |
| 19:10 | Build | House |
| 19:11 | Build | House |
| 19:13 | Build | House |
| 19:14 | Build | House |
| 19:19 | Create | Villager (Male) |
| 19:22 | Build | Farm |
| 19:26 | Create | Villager (Male) |
| 19:49 | Build | Farm |
| 19:53 | Create | Villager (Male) |
| 19:57 | Create | Villager (Male) |
| 20:09 | Build | Mining Camp |
| 20:17 | Build | Farm |
| 20:19 | Create | Villager (Male) |
| 20:22 | Build | Farm |
| 20:53 | Build | Monastery |
| 21:02 | Create | Villager (Male) |
| 21:02 | Create | Villager (Male) |
| 21:06 | Build | Farm |
| 21:07 | Create | Villager (Male) |
| 21:07 | Create | Villager (Male) |
| 21:12 | Create | Villager (Male) |
| 21:26 | Create | Villager (Male) |
| 21:40 | Create | Villager (Male) |
| 21:42 | Build | Farm |
| 21:53 | Create | Villager (Male) |
| 21:54 | Create | Villager (Male) |
| 22:08 | Create | Villager (Male) |
| 22:08 | Create | Villager (Male) |
| 22:19 | Build | Mill |
| 22:23 | Build | House |
| 22:25 | Build | House |
| 22:27 | Build | House |
| 22:29 | Build | House |
| 22:36 | Create | Monk |
| 22:36 | Create | Monk |
| 22:49 | Create | Villager (Male) |
| 22:51 | Create | Villager (Male) |
| 22:51 | Create | Villager (Male) |
| 22:54 | Create | Villager (Male) |
| 23:06 | Create | Villager (Male) |
| 23:09 | Build | Farm |
| 23:09 | Build | Farm |
| 23:10 | Build | Farm |
| 23:11 | Build | Farm |
| 23:24 | Build | Farm |
| 23:31 | Research | Horse Collar |
| 23:38 | Research | Double-Bit Axe |
| 23:38 | Research | Double-Bit Axe |
| 24:08 | Build | Farm |
| 24:14 | Create | Villager (Male) |
| 24:15 | Create | Villager (Male) |
| 24:17 | Create | Villager (Male) |
| 24:27 | Build | House |
| 24:28 | Build | House |
| 24:29 | Build | House |
| 24:29 | Build | House |
| 24:29 | Build | House |
| 24:30 | Build | House |
| 24:30 | Build | House |
| 24:31 | Build | House |
| 24:41 | Research | Heavy Plow |
| 25:24 | Build | Town Center |
| 25:30 | Build | Farm |
| 25:33 | Create | Villager (Male) |
| 25:33 | Create | Villager (Male) |
| 25:35 | Create | Villager (Male) |
| 25:35 | Create | Villager (Male) |
| 25:38 | Create | Villager (Male) |
| 26:07 | Create | Villager (Male) |
| 26:07 | Create | Villager (Male) |
| 26:31 | Research | Town Patrol |
| 26:32 | Research | Wheelbarrow |
| 26:42 | Build | House |
| 26:43 | Build | House |
| 26:43 | Build | House |
| 26:44 | Build | House |
| 26:44 | Build | House |
| 26:44 | Build | House |
| 26:45 | Build | House |
| 26:45 | Build | House |
| 26:45 | Build | House |
| 26:46 | Build | House |
| 26:46 | Build | House |
| 26:51 | Create | Villager (Male) |
| 26:51 | Create | Villager (Male) |
| 26:52 | Create | Villager (Male) |
| 26:59 | Create | Villager (Male) |
Build order — toledogu.zo
First 150 of 938 actions detected
| 0:02 | Create | Villager (Male) |
| 0:02 | Create | Villager (Male) |
| 0:03 | Create | Villager (Male) |
| 0:03 | Create | Villager (Male) |
| 0:09 | Build | House |
| 0:13 | Build | House |
| 0:30 | Build | Mill |
| 1:44 | Create | Villager (Male) |
| 2:14 | Create | Villager (Male) |
| 2:46 | Create | Villager (Male) |
| 3:07 | Create | Villager (Male) |
| 3:33 | Create | Villager (Male) |
| 3:39 | Create | Villager (Male) |
| 4:23 | Build | House |
| 4:24 | Create | Villager (Male) |
| 4:25 | Create | Villager (Male) |
| 4:36 | Build | House |
| 4:52 | Create | Villager (Male) |
| 5:01 | Create | Villager (Male) |
| 5:21 | Create | Villager (Male) |
| 5:21 | Create | Villager (Male) |
| 5:34 | Create | Villager (Male) |
| 6:05 | Create | Villager (Male) |
| 6:13 | Create | Villager (Male) |
| 6:13 | Create | Villager (Male) |
| 6:42 | Create | Villager (Male) |
| 6:43 | Create | Villager (Male) |
| 10:38 | Build | Lumber Camp |
| 11:09 | Research | Feudal Age |
| 12:14 | Build | House |
| 12:16 | Build | House |
| 12:21 | Build | Palisade Wall |
| 12:36 | Build | Mining Camp |
| 12:49 | Create | Villager (Male) |
| 12:50 | Create | Villager (Male) |
| 12:51 | Create | Villager (Male) |
| 13:19 | Age | Feudal Age |
| 13:32 | Build | Farm |
| 13:32 | Build | Farm |
| 13:34 | Build | Farm |
| 13:35 | Build | Farm |
| 13:35 | Build | Farm |
| 13:43 | Build | Market |
| 13:49 | Build | Blacksmith |
| 14:20 | Create | Villager (Male) |
| 14:40 | Build | Farm |
| 15:04 | Build | Farm |
| 15:07 | Research | Castle Age |
| 15:21 | Research | Double-Bit Axe |
| 16:29 | Build | House |
| 16:30 | Build | House |
| 16:32 | Build | House |
| 16:33 | Build | House |
| 16:36 | Build | House |
| 17:29 | Build | Mining Camp |
| 17:47 | Age | Castle Age |
| 17:51 | Build | Town Center |
| 17:55 | Create | Villager (Male) |
| 17:55 | Create | Villager (Male) |
| 18:02 | Build | Town Center |
| 18:04 | Research | Bow Saw |
| 18:19 | Create | Villager (Male) |
| 18:32 | Build | House |
| 18:54 | Build | Farm |
| 18:55 | Build | Farm |
| 18:56 | Build | Farm |
| 19:11 | Build | Farm |
| 19:20 | Create | Villager (Male) |
| 19:20 | Create | Villager (Male) |
| 19:36 | Create | Villager (Male) |
| 19:51 | Build | Farm |
| 19:52 | Create | Villager (Male) |
| 19:55 | Create | Villager (Male) |
| 20:03 | Create | Villager (Male) |
| 20:09 | Build | Farm |
| 20:10 | Build | Farm |
| 20:11 | Build | Farm |
| 20:11 | Build | Farm |
| 20:13 | Build | Farm |
| 20:27 | Build | Farm |
| 20:34 | Create | Villager (Male) |
| 20:35 | Create | Villager (Male) |
| 20:40 | Research | Loom |
| 20:52 | Build | Farm |
| 20:58 | Create | Villager (Male) |
| 21:13 | Create | Villager (Male) |
| 21:15 | Create | Villager (Male) |
| 21:30 | Create | Villager (Male) |
| 21:50 | Create | Villager (Male) |
| 21:53 | Create | Villager (Male) |
| 21:57 | Create | Villager (Male) |
| 22:01 | Build | House |
| 22:02 | Build | House |
| 22:03 | Build | House |
| 22:04 | Build | House |
| 22:05 | Build | House |
| 22:13 | Create | Villager (Male) |
| 22:14 | Create | Villager (Male) |
| 22:27 | Build | Town Center |
| 22:43 | Build | Town Center |
| 22:45 | Create | Villager (Male) |
| 22:47 | Create | Villager (Male) |
| 22:48 | Create | Villager (Male) |
| 22:50 | Create | Villager (Male) |
| 22:58 | Build | House |
| 23:02 | Build | House |
| 23:04 | Build | House |
| 23:05 | Build | House |
| 23:06 | Build | House |
| 23:07 | Build | House |
| 23:08 | Build | House |
| 23:09 | Build | House |
| 23:12 | Create | Villager (Male) |
| 23:14 | Create | Villager (Male) |
| 23:15 | Create | Villager (Male) |
| 23:28 | Create | Villager (Male) |
| 23:36 | Create | Villager (Male) |
| 23:52 | Build | House |
| 23:53 | Build | House |
| 23:56 | Build | House |
| 23:57 | Build | House |
| 23:58 | Build | House |
| 24:02 | Create | Villager (Male) |
| 24:03 | Create | Villager (Male) |
| 24:04 | Create | Villager (Male) |
| 24:13 | Research | Horse Collar |
| 24:22 | Build | House |
| 24:23 | Build | House |
| 24:24 | Build | House |
| 24:24 | Build | House |
| 24:25 | Build | House |
| 24:27 | Build | House |
| 24:27 | Build | House |
| 24:28 | Build | House |
| 24:42 | Build | Castle |
| 24:47 | Build | Mining Camp |
| 24:52 | Create | Villager (Male) |
| 24:55 | Create | Villager (Male) |
| 24:57 | Create | Villager (Male) |
| 24:58 | Create | Villager (Male) |
| 24:59 | Create | Villager (Male) |
| 25:07 | Build | Farm |
| 25:08 | Build | Farm |
| 25:09 | Build | Farm |
| 25:12 | Build | Farm |
| 25:16 | Create | Villager (Male) |
| 25:25 | Build | Farm |
| 25:28 | Build | Farm |
| 25:29 | Build | Farm |
| 25:31 | Build | Farm |
Build order — [MiLiTia]_MARK
First 150 of 531 actions detected
| 0:02 | Create | Villager (Male) |
| 0:02 | Create | Villager (Male) |
| 0:03 | Create | Villager (Male) |
| 0:03 | Create | Villager (Male) |
| 0:05 | Build | House |
| 0:07 | Build | House |
| 1:38 | Create | Villager (Male) |
| 1:39 | Create | Villager (Male) |
| 1:54 | Build | Lumber Camp |
| 2:03 | Create | Villager (Male) |
| 2:03 | Create | Villager (Male) |
| 2:14 | Create | Villager (Male) |
| 2:14 | Create | Villager (Male) |
| 2:15 | Create | Villager (Male) |
| 2:50 | Create | Villager (Male) |
| 3:05 | Create | Villager (Male) |
| 3:43 | Create | Villager (Male) |
| 3:43 | Create | Villager (Male) |
| 4:08 | Build | House |
| 4:09 | Create | Villager (Male) |
| 4:10 | Create | Villager (Male) |
| 4:22 | Build | Mill |
| 4:36 | Create | Villager (Male) |
| 4:36 | Create | Villager (Male) |
| 4:37 | Create | Villager (Male) |
| 5:05 | Create | Villager (Male) |
| 5:06 | Create | Villager (Male) |
| 5:06 | Create | Villager (Male) |
| 5:47 | Create | Villager (Male) |
| 5:47 | Create | Villager (Male) |
| 5:47 | Create | Villager (Male) |
| 5:48 | Create | Villager (Male) |
| 6:23 | Create | Villager (Male) |
| 6:23 | Create | Villager (Male) |
| 6:48 | Build | House |
| 7:05 | Create | Villager (Male) |
| 7:06 | Create | Villager (Male) |
| 7:06 | Create | Villager (Male) |
| 7:06 | Create | Villager (Male) |
| 7:14 | Build | Lumber Camp |
| 7:30 | Create | Villager (Male) |
| 7:30 | Create | Villager (Male) |
| 7:30 | Create | Villager (Male) |
| 7:56 | Create | Villager (Male) |
| 7:56 | Create | Villager (Male) |
| 7:57 | Create | Villager (Male) |
| 8:24 | Create | Villager (Male) |
| 8:24 | Create | Villager (Male) |
| 8:33 | Create | Villager (Male) |
| 8:34 | Create | Villager (Male) |
| 8:52 | Build | House |
| 9:13 | Create | Villager (Male) |
| 9:25 | Build | Farm |
| 9:46 | Build | Mining Camp |
| 10:01 | Build | Farm |
| 10:25 | Research | Feudal Age |
| 11:09 | Build | Farm |
| 11:15 | Build | Farm |
| 11:39 | Build | Farm |
| 11:47 | Build | Farm |
| 11:53 | Build | Farm |
| 12:35 | Age | Feudal Age |
| 12:43 | Build | Market |
| 12:45 | Create | Villager (Male) |
| 12:45 | Create | Villager (Male) |
| 13:04 | Build | Blacksmith |
| 13:42 | Research | Castle Age |
| 13:42 | Research | Castle Age |
| 14:00 | Build | Farm |
| 14:02 | Build | Farm |
| 14:14 | Research | Double-Bit Axe |
| 14:37 | Build | Farm |
| 14:46 | Build | Farm |
| 14:59 | Research | Horse Collar |
| 15:27 | Build | House |
| 15:28 | Build | House |
| 16:22 | Age | Castle Age |
| 16:23 | Create | Villager (Male) |
| 16:24 | Create | Villager (Male) |
| 16:32 | Build | Town Center |
| 16:45 | Build | Town Center |
| 16:54 | Research | Bow Saw |
| 16:57 | Research | Heavy Plow |
| 17:09 | Create | Villager (Male) |
| 17:09 | Create | Villager (Male) |
| 17:12 | Research | Wheelbarrow |
| 17:49 | Build | Farm |
| 17:53 | Build | Farm |
| 18:02 | Create | Villager (Male) |
| 18:02 | Create | Villager (Male) |
| 18:03 | Create | Villager (Male) |
| 18:09 | Build | Farm |
| 18:11 | Build | Farm |
| 18:25 | Create | Villager (Male) |
| 18:25 | Create | Villager (Male) |
| 18:25 | Create | Villager (Male) |
| 18:26 | Create | Villager (Male) |
| 18:32 | Build | Farm |
| 18:34 | Build | Farm |
| 18:36 | Build | Farm |
| 19:01 | Build | Mining Camp |
| 19:07 | Create | Villager (Male) |
| 19:08 | Create | Villager (Male) |
| 19:10 | Create | Villager (Male) |
| 19:10 | Create | Villager (Male) |
| 19:29 | Build | Farm |
| 19:40 | Build | Farm |
| 19:50 | Build | Farm |
| 19:52 | Build | Farm |
| 19:56 | Create | Villager (Male) |
| 19:56 | Create | Villager (Male) |
| 19:58 | Create | Villager (Male) |
| 19:58 | Create | Villager (Male) |
| 20:00 | Create | Villager (Male) |
| 20:06 | Build | Farm |
| 20:10 | Create | Villager (Male) |
| 20:11 | Create | Villager (Male) |
| 20:12 | Create | Villager (Male) |
| 20:21 | Build | House |
| 20:22 | Build | House |
| 20:24 | Build | House |
| 20:26 | Build | House |
| 20:48 | Build | Farm |
| 20:56 | Build | Farm |
| 21:15 | Create | Villager (Male) |
| 21:17 | Research | Hand Cart |
| 21:17 | Research | Hand Cart |
| 21:19 | Create | Villager (Male) |
| 21:19 | Create | Villager (Male) |
| 21:39 | Build | Town Center |
| 21:41 | Create | Villager (Male) |
| 21:42 | Create | Villager (Male) |
| 21:42 | Create | Villager (Male) |
| 21:43 | Create | Villager (Male) |
| 21:43 | Create | Villager (Male) |
| 21:44 | Create | Villager (Male) |
| 21:57 | Build | House |
| 22:06 | Create | Villager (Male) |
| 22:09 | Create | Villager (Male) |
| 22:09 | Create | Villager (Male) |
| 22:11 | Create | Villager (Male) |
| 22:14 | Create | Villager (Male) |
| 22:14 | Create | Villager (Male) |
| 22:48 | Build | Mill |
| 22:52 | Build | Farm |
| 22:55 | Create | Villager (Male) |
| 22:56 | Create | Villager (Male) |
| 22:56 | Create | Villager (Male) |
| 22:56 | Create | Villager (Male) |
| 22:57 | Create | Villager (Male) |
Build order — caner
First 150 of 468 actions detected
| 0:08 | Build | House |
| 0:10 | Build | House |
| 0:16 | Create | Villager (Male) |
| 0:16 | Create | Villager (Male) |
| 0:16 | Create | Villager (Male) |
| 0:17 | Create | Villager (Male) |
| 0:17 | Create | Villager (Male) |
| 0:17 | Create | Villager (Male) |
| 1:41 | Create | Villager (Male) |
| 1:42 | Create | Villager (Male) |
| 2:09 | Create | Villager (Male) |
| 2:09 | Create | Villager (Male) |
| 2:23 | Create | Villager (Male) |
| 2:24 | Create | Villager (Male) |
| 2:52 | Create | Villager (Male) |
| 2:53 | Create | Villager (Male) |
| 2:53 | Create | Villager (Male) |
| 3:29 | Create | Villager (Male) |
| 3:30 | Create | Villager (Male) |
| 3:30 | Research | Loom |
| 4:01 | Create | Villager (Male) |
| 4:01 | Create | Villager (Male) |
| 4:39 | Create | Villager (Male) |
| 4:40 | Create | Villager (Male) |
| 4:40 | Create | Villager (Male) |
| 4:50 | Create | Villager (Male) |
| 4:51 | Create | Villager (Male) |
| 4:51 | Create | Villager (Male) |
| 5:04 | Build | House |
| 5:23 | Create | Villager (Male) |
| 5:24 | Create | Villager (Male) |
| 6:04 | Build | Mill |
| 6:07 | Create | Villager (Male) |
| 6:07 | Create | Villager (Male) |
| 6:08 | Create | Villager (Male) |
| 6:08 | Create | Villager (Male) |
| 6:08 | Create | Villager (Male) |
| 6:33 | Create | Villager (Male) |
| 6:33 | Create | Villager (Male) |
| 6:34 | Create | Villager (Male) |
| 6:54 | Create | Villager (Male) |
| 6:54 | Create | Villager (Male) |
| 6:54 | Create | Villager (Male) |
| 6:55 | Create | Villager (Male) |
| 6:58 | Build | House |
| 7:07 | Create | Villager (Male) |
| 7:07 | Create | Villager (Male) |
| 7:07 | Create | Villager (Male) |
| 7:08 | Create | Villager (Male) |
| 8:08 | Build | Mining Camp |
| 8:13 | Create | Villager (Male) |
| 8:13 | Create | Villager (Male) |
| 8:19 | Create | Villager (Male) |
| 8:20 | Create | Villager (Male) |
| 8:37 | Build | House |
| 8:43 | Create | Villager (Male) |
| 8:43 | Create | Villager (Male) |
| 8:43 | Create | Villager (Male) |
| 8:44 | Create | Villager (Male) |
| 8:44 | Create | Villager (Male) |
| 9:05 | Create | Villager (Male) |
| 9:05 | Create | Villager (Male) |
| 9:05 | Create | Villager (Male) |
| 9:06 | Create | Villager (Male) |
| 9:10 | Create | Villager (Male) |
| 9:10 | Create | Villager (Male) |
| 9:11 | Create | Villager (Male) |
| 9:11 | Create | Villager (Male) |
| 9:38 | Create | Villager (Male) |
| 9:38 | Create | Villager (Male) |
| 9:38 | Create | Villager (Male) |
| 9:59 | Create | Villager (Male) |
| 9:59 | Create | Villager (Male) |
| 10:44 | Build | Lumber Camp |
| 10:58 | Research | Feudal Age |
| 12:18 | Build | Mill |
| 12:47 | Create | Villager (Male) |
| 13:08 | Age | Feudal Age |
| 13:11 | Build | Market |
| 13:13 | Build | Blacksmith |
| 14:02 | Research | Castle Age |
| 14:02 | Research | Castle Age |
| 14:15 | Build | House |
| 14:16 | Build | House |
| 14:39 | Research | Double-Bit Axe |
| 14:40 | Research | Double-Bit Axe |
| 15:06 | Build | House |
| 15:14 | Create | Villager (Male) |
| 15:14 | Create | Villager (Male) |
| 15:20 | Build | House |
| 15:22 | Build | House |
| 15:23 | Build | House |
| 16:02 | Create | Villager (Male) |
| 16:02 | Create | Villager (Male) |
| 16:03 | Create | Villager (Male) |
| 16:03 | Create | Villager (Male) |
| 16:21 | Create | Villager (Male) |
| 16:42 | Age | Castle Age |
| 16:45 | Create | Villager (Male) |
| 16:46 | Create | Villager (Male) |
| 16:56 | Build | Town Center |
| 17:04 | Create | Villager (Male) |
| 17:11 | Build | Farm |
| 17:20 | Build | House |
| 17:21 | Build | House |
| 17:22 | Build | House |
| 17:23 | Build | House |
| 17:24 | Build | House |
| 17:35 | Build | Farm |
| 17:39 | Create | Villager (Male) |
| 17:59 | Build | Town Center |
| 18:06 | Build | Farm |
| 18:15 | Create | Villager (Male) |
| 18:15 | Create | Villager (Male) |
| 18:26 | Build | Farm |
| 18:36 | Research | Horse Collar |
| 18:47 | Build | Farm |
| 18:56 | Create | Villager (Male) |
| 18:57 | Create | Villager (Male) |
| 19:07 | Build | Farm |
| 19:21 | Build | Farm |
| 19:23 | Build | Farm |
| 19:45 | Build | Farm |
| 19:48 | Build | Farm |
| 19:52 | Create | Villager (Male) |
| 19:52 | Create | Villager (Male) |
| 19:57 | Create | Villager (Male) |
| 19:57 | Create | Villager (Male) |
| 20:13 | Create | Villager (Male) |
| 20:14 | Create | Villager (Male) |
| 20:17 | Create | Villager (Male) |
| 20:17 | Create | Villager (Male) |
| 20:21 | Build | Farm |
| 20:24 | Build | Farm |
| 20:26 | Build | Farm |
| 20:31 | Create | Villager (Male) |
| 20:31 | Create | Villager (Male) |
| 20:39 | Build | House |
| 20:40 | Build | House |
| 20:41 | Build | House |
| 20:44 | Create | Villager (Male) |
| 20:44 | Create | Villager (Male) |
| 20:44 | Create | Villager (Male) |
| 20:49 | Build | Farm |
| 20:51 | Build | Farm |
| 20:52 | Create | Villager (Male) |
| 20:55 | Build | Farm |
| 20:59 | Create | Villager (Male) |
| 20:59 | Create | Villager (Male) |
| 21:13 | Build | Farm |
Build order — [ '][' ]\[ '][' ] ● HammeR
146 actions detected in the replay
| 0:32 | Build | House |
| 0:33 | Build | House |
| 0:33 | Build | House |
| 0:33 | Build | House |
| 0:33 | Build | House |
| 0:36 | Build | House |
| 0:36 | Build | House |
| 0:37 | Build | House |
| 0:37 | Build | House |
| 0:38 | Build | House |
| 0:38 | Build | House |
| 0:39 | Build | House |
| 0:52 | Create | Villager (Male) |
| 0:52 | Create | Villager (Male) |
| 0:52 | Create | Villager (Male) |
| 0:52 | Create | Villager (Male) |
| 0:53 | Create | Villager (Male) |
| 0:53 | Create | Villager (Male) |
| 2:57 | Create | Villager (Male) |
| 2:58 | Create | Villager (Male) |
| 2:58 | Create | Villager (Male) |
| 2:58 | Create | Villager (Male) |
| 4:54 | Build | Mill |
| 5:02 | Create | Villager (Male) |
| 5:03 | Create | Villager (Male) |
| 5:03 | Create | Villager (Male) |
| 5:03 | Create | Villager (Male) |
| 6:17 | Create | Villager (Male) |
| 6:17 | Create | Villager (Male) |
| 6:18 | Create | Villager (Male) |
| 6:18 | Create | Villager (Male) |
| 6:19 | Create | Villager (Male) |
| 7:57 | Build | Mining Camp |
| 8:17 | Create | Villager (Male) |
| 8:17 | Create | Villager (Male) |
| 8:17 | Create | Villager (Male) |
| 8:18 | Create | Villager (Male) |
| 8:18 | Create | Villager (Male) |
| 8:18 | Create | Villager (Male) |
| 8:53 | Build | Lumber Camp |
| 9:14 | Build | Farm |
| 9:46 | Build | Farm |
| 10:06 | Build | Farm |
| 10:12 | Create | Villager (Male) |
| 10:12 | Create | Villager (Male) |
| 10:12 | Create | Villager (Male) |
| 10:13 | Create | Villager (Male) |
| 10:13 | Create | Villager (Male) |
| 10:13 | Create | Villager (Male) |
| 10:13 | Create | Villager (Male) |
| 11:15 | Build | Farm |
| 11:43 | Build | Farm |
| 11:50 | Build | Farm |
| 12:45 | Build | Farm |
| 13:00 | Research | Feudal Age |
| 14:20 | Build | Palisade Gate |
| 14:56 | Build | Palisade Wall |
| 15:10 | Age | Feudal Age |
| 15:11 | Build | Farm |
| 15:17 | Build | Farm |
| 15:22 | Build | Farm |
| 15:28 | Build | Farm |
| 16:17 | Create | Villager (Male) |
| 16:17 | Create | Villager (Male) |
| 16:18 | Create | Villager (Male) |
| 16:18 | Create | Villager (Male) |
| 16:52 | Build | Watch Tower |
| 16:55 | Build | Watch Tower |
| 16:59 | Build | Watch Tower |
| 18:36 | Build | Farm |
| 18:42 | Create | Villager (Male) |
| 18:42 | Create | Villager (Male) |
| 19:23 | Build | Market |
| 20:01 | Build | Farm |
| 20:09 | Build | Farm |
| 20:40 | Create | Villager (Male) |
| 20:40 | Create | Villager (Male) |
| 20:40 | Create | Villager (Male) |
| 20:41 | Create | Villager (Male) |
| 20:41 | Create | Villager (Male) |
| 20:41 | Create | Villager (Male) |
| 20:41 | Create | Villager (Male) |
| 20:42 | Create | Villager (Male) |
| 20:42 | Create | Villager (Male) |
| 20:42 | Create | Villager (Male) |
| 21:43 | Build | Blacksmith |
| 22:01 | Build | Farm |
| 22:33 | Build | Farm |
| 23:08 | Research | Castle Age |
| 23:25 | Build | Farm |
| 26:14 | Build | Lumber Camp |
| 27:17 | Build | Market |
| 28:46 | Build | Town Center |
| 30:51 | Build | Mill |
| 31:36 | Create | Villager (Male) |
| 31:37 | Create | Villager (Male) |
| 31:37 | Create | Villager (Male) |
| 31:37 | Create | Villager (Male) |
| 31:38 | Create | Villager (Male) |
| 31:38 | Create | Villager (Male) |
| 31:38 | Create | Villager (Male) |
| 32:29 | Build | House |
| 32:29 | Build | House |
| 32:30 | Build | House |
| 32:30 | Build | House |
| 32:30 | Build | House |
| 32:30 | Build | House |
| 32:30 | Build | House |
| 32:31 | Build | House |
| 32:31 | Build | House |
| 37:02 | Create | Villager (Male) |
| 37:02 | Create | Villager (Male) |
| 37:02 | Create | Villager (Male) |
| 37:02 | Create | Villager (Male) |
| 37:03 | Create | Villager (Male) |
| 37:03 | Create | Villager (Male) |
| 37:03 | Create | Villager (Male) |
| 37:04 | Create | Villager (Male) |
| 37:04 | Create | Villager (Male) |
| 39:33 | Create | Villager (Male) |
| 39:34 | Create | Villager (Male) |
| 39:34 | Create | Villager (Male) |
| 39:34 | Create | Villager (Male) |
| 39:34 | Create | Villager (Male) |
| 41:43 | Create | Villager (Male) |
| 41:43 | Create | Villager (Male) |
| 41:43 | Create | Villager (Male) |
| 41:44 | Create | Villager (Male) |
| 41:44 | Create | Villager (Male) |
| 41:44 | Create | Villager (Male) |
| 41:44 | Create | Villager (Male) |
| 41:45 | Create | Villager (Male) |
| 41:45 | Create | Villager (Male) |
| 41:45 | Create | Villager (Male) |
| 41:45 | Create | Villager (Male) |
| 41:45 | Create | Villager (Male) |
| 41:46 | Create | Villager (Male) |
| 42:21 | Build | Farm |
| 42:28 | Build | Farm |
| 43:03 | Build | Farm |
| 43:13 | Build | Farm |
| 44:46 | Build | Farm |
| 44:55 | Build | Farm |
| 45:03 | Build | Farm |
| 45:23 | Build | Farm |
| 46:42 | Build | Lumber Camp |
Build order — darkoudk
First 150 of 672 actions detected
| 0:04 | Build | House |
| 0:07 | Build | House |
| 0:08 | Create | Villager (Male) |
| 0:09 | Create | Villager (Male) |
| 0:09 | Create | Villager (Male) |
| 0:09 | Create | Villager (Male) |
| 0:10 | Create | Villager (Male) |
| 1:31 | Create | Villager (Male) |
| 1:31 | Create | Villager (Male) |
| 1:55 | Create | Villager (Male) |
| 1:56 | Create | Villager (Male) |
| 2:35 | Create | Villager (Male) |
| 2:54 | Create | Villager (Male) |
| 3:46 | Create | Villager (Male) |
| 4:02 | Create | Villager (Male) |
| 4:22 | Create | Villager (Male) |
| 4:22 | Create | Villager (Male) |
| 4:25 | Build | House |
| 5:09 | Create | Villager (Male) |
| 5:10 | Create | Villager (Male) |
| 5:17 | Create | Villager (Male) |
| 5:17 | Create | Villager (Male) |
| 5:25 | Build | House |
| 5:43 | Create | Villager (Male) |
| 6:26 | Build | Lumber Camp |
| 7:11 | Build | Mining Camp |
| 7:17 | Create | Villager (Male) |
| 7:53 | Research | Feudal Age |
| 7:53 | Research | Feudal Age |
| 8:41 | Build | Mill |
| 9:59 | Build | Blacksmith |
| 10:01 | Build | Market |
| 10:08 | Create | Villager (Male) |
| 10:09 | Create | Villager (Male) |
| 10:36 | Build | House |
| 10:54 | Create | Villager (Male) |
| 10:58 | Build | Farm |
| 11:09 | Create | Villager (Male) |
| 11:13 | Research | Horse Collar |
| 11:30 | Build | Farm |
| 11:44 | Create | Villager (Male) |
| 11:52 | Build | House |
| 11:59 | Build | Farm |
| 12:14 | Research | Double-Bit Axe |
| 12:29 | Create | Villager (Male) |
| 12:30 | Create | Villager (Male) |
| 13:02 | Research | Castle Age |
| 13:10 | Build | Farm |
| 13:23 | Build | Farm |
| 13:54 | Build | Mining Camp |
| 14:43 | Research | Wheelbarrow |
| 14:47 | Create | Villager (Male) |
| 14:48 | Create | Villager (Male) |
| 15:44 | Build | Town Center |
| 16:34 | Create | Villager (Male) |
| 16:44 | Build | Town Center |
| 16:54 | Create | Villager (Male) |
| 16:54 | Create | Villager (Male) |
| 17:17 | Research | Bow Saw |
| 17:44 | Create | Villager (Male) |
| 17:49 | Build | Farm |
| 17:55 | Build | Farm |
| 18:08 | Create | Villager (Male) |
| 18:20 | Create | Villager (Male) |
| 18:20 | Create | Villager (Male) |
| 18:26 | Build | Farm |
| 18:44 | Create | Villager (Male) |
| 18:44 | Create | Villager (Male) |
| 18:52 | Build | Farm |
| 18:56 | Build | Monastery |
| 19:05 | Build | Farm |
| 19:12 | Create | Villager (Male) |
| 19:13 | Create | Villager (Male) |
| 19:13 | Create | Villager (Male) |
| 19:15 | Create | Villager (Male) |
| 19:16 | Create | Villager (Male) |
| 19:16 | Create | Villager (Male) |
| 19:17 | Create | Villager (Male) |
| 19:20 | Build | House |
| 19:22 | Build | House |
| 19:33 | Build | Town Center |
| 19:39 | Create | Villager (Male) |
| 19:40 | Create | Villager (Male) |
| 19:48 | Build | Farm |
| 19:50 | Build | Farm |
| 19:51 | Create | Monk |
| 19:56 | Create | Villager (Male) |
| 19:57 | Create | Villager (Male) |
| 19:58 | Create | Villager (Male) |
| 19:58 | Create | Villager (Male) |
| 20:21 | Build | Farm |
| 20:22 | Create | Villager (Male) |
| 20:22 | Create | Villager (Male) |
| 20:27 | Build | House |
| 20:28 | Build | House |
| 20:30 | Build | House |
| 20:33 | Build | House |
| 20:34 | Build | House |
| 20:36 | Create | Villager (Male) |
| 20:36 | Create | Villager (Male) |
| 20:48 | Build | Farm |
| 20:48 | Build | Farm |
| 20:51 | Create | Villager (Male) |
| 20:52 | Create | Villager (Male) |
| 21:00 | Create | Villager (Male) |
| 21:00 | Create | Villager (Male) |
| 21:01 | Create | Villager (Male) |
| 21:01 | Create | Villager (Male) |
| 21:14 | Build | Farm |
| 21:17 | Build | Farm |
| 21:20 | Build | Farm |
| 21:26 | Build | Farm |
| 21:30 | Build | Farm |
| 21:31 | Create | Villager (Male) |
| 21:31 | Create | Villager (Male) |
| 21:32 | Create | Villager (Male) |
| 21:36 | Create | Villager (Male) |
| 21:36 | Create | Villager (Male) |
| 21:43 | Create | Villager (Male) |
| 21:48 | Create | Villager (Male) |
| 21:48 | Create | Villager (Male) |
| 21:48 | Create | Villager (Male) |
| 21:54 | Create | Villager (Male) |
| 21:54 | Create | Villager (Male) |
| 22:11 | Create | Villager (Male) |
| 22:12 | Create | Villager (Male) |
| 22:12 | Create | Villager (Male) |
| 22:19 | Build | Farm |
| 22:26 | Create | Villager (Male) |
| 22:26 | Create | Villager (Male) |
| 22:26 | Create | Villager (Male) |
| 22:36 | Build | University |
| 22:46 | Research | Heavy Plow |
| 22:46 | Research | Heavy Plow |
| 22:51 | Build | Farm |
| 22:55 | Build | Farm |
| 22:59 | Build | Farm |
| 23:00 | Create | Villager (Male) |
| 23:00 | Create | Villager (Male) |
| 23:01 | Create | Villager (Male) |
| 23:01 | Create | Villager (Male) |
| 23:12 | Build | Farm |
| 23:20 | Create | Monk |
| 23:42 | Create | Villager (Male) |
| 23:43 | Create | Villager (Male) |
| 23:43 | Create | Villager (Male) |
| 23:43 | Create | Villager (Male) |
| 23:44 | Create | Villager (Male) |
| 23:44 | Create | Villager (Male) |
| 23:45 | Create | Villager (Male) |
Build order — camilo_dimate
First 150 of 234 actions detected
| 0:05 | Create | Villager (Male) |
| 0:06 | Create | Villager (Male) |
| 0:06 | Create | Villager (Male) |
| 0:06 | Create | Villager (Male) |
| 0:06 | Create | Villager (Male) |
| 0:11 | Build | House |
| 0:17 | Build | House |
| 0:55 | Research | Loom |
| 1:42 | Create | Villager (Male) |
| 1:43 | Create | Villager (Male) |
| 2:19 | Create | Villager (Male) |
| 2:20 | Create | Villager (Male) |
| 2:41 | Create | Villager (Male) |
| 2:42 | Create | Villager (Male) |
| 2:42 | Create | Villager (Male) |
| 3:57 | Create | Villager (Male) |
| 3:58 | Create | Villager (Male) |
| 3:58 | Create | Villager (Male) |
| 3:58 | Create | Villager (Male) |
| 3:59 | Create | Villager (Male) |
| 4:00 | Create | Villager (Male) |
| 4:40 | Build | Lumber Camp |
| 6:33 | Build | Mill |
| 6:40 | Research | Feudal Age |
| 8:24 | Build | House |
| 8:50 | Age | Feudal Age |
| 9:00 | Create | Villager (Male) |
| 9:00 | Create | Villager (Male) |
| 9:00 | Create | Villager (Male) |
| 9:00 | Create | Villager (Male) |
| 9:02 | Create | Villager (Male) |
| 9:03 | Create | Villager (Male) |
| 9:09 | Research | Double-Bit Axe |
| 10:27 | Build | Farm |
| 10:57 | Build | Farm |
| 11:04 | Build | Farm |
| 11:06 | Build | Farm |
| 11:08 | Build | Farm |
| 11:10 | Build | Farm |
| 11:12 | Build | Farm |
| 11:19 | Build | House |
| 11:58 | Research | Horse Collar |
| 12:06 | Research | Wheelbarrow |
| 12:17 | Build | House |
| 12:28 | Build | Farm |
| 13:34 | Create | Villager (Male) |
| 13:34 | Create | Villager (Male) |
| 13:34 | Create | Villager (Male) |
| 13:34 | Create | Villager (Male) |
| 13:35 | Create | Villager (Male) |
| 14:05 | Build | Mining Camp |
| 15:44 | Build | Farm |
| 16:07 | Build | Blacksmith |
| 16:19 | Build | Market |
| 16:53 | Create | Villager (Male) |
| 16:53 | Create | Villager (Male) |
| 17:25 | Build | Farm |
| 17:42 | Research | Castle Age |
| 18:49 | Build | Barracks |
| 19:55 | Build | House |
| 19:57 | Build | House |
| 19:57 | Build | House |
| 19:58 | Build | House |
| 20:23 | Age | Castle Age |
| 20:26 | Build | Town Center |
| 20:42 | Create | Villager (Male) |
| 20:42 | Create | Villager (Male) |
| 20:42 | Create | Villager (Male) |
| 20:42 | Create | Villager (Male) |
| 20:42 | Create | Villager (Male) |
| 20:49 | Research | Gold Mining |
| 21:02 | Research | Bow Saw |
| 21:16 | Build | Farm |
| 21:40 | Build | Farm |
| 22:03 | Build | Farm |
| 22:09 | Research | Heavy Plow |
| 22:17 | Create | Villager (Male) |
| 22:18 | Create | Villager (Male) |
| 22:18 | Create | Villager (Male) |
| 22:23 | Create | Villager (Male) |
| 22:31 | Build | Farm |
| 22:33 | Research | Hand Cart |
| 22:56 | Build | Farm |
| 23:22 | Create | Villager (Male) |
| 23:22 | Create | Villager (Male) |
| 23:22 | Create | Villager (Male) |
| 24:03 | Build | Town Center |
| 24:46 | Build | Farm |
| 24:47 | Build | Farm |
| 24:51 | Create | Villager (Male) |
| 24:51 | Create | Villager (Male) |
| 24:51 | Create | Villager (Male) |
| 25:04 | Build | Stable |
| 25:05 | Build | Stable |
| 25:13 | Create | Villager (Male) |
| 25:14 | Create | Villager (Male) |
| 25:14 | Create | Villager (Male) |
| 25:14 | Create | Villager (Male) |
| 26:03 | Build | Lumber Camp |
| 26:27 | Create | Villager (Male) |
| 26:27 | Create | Villager (Male) |
| 26:27 | Create | Villager (Male) |
| 26:28 | Create | Villager (Male) |
| 26:28 | Create | Villager (Male) |
| 26:28 | Create | Villager (Male) |
| 26:28 | Create | Villager (Male) |
| 26:38 | Build | Farm |
| 26:45 | Build | Farm |
| 27:06 | Build | Siege Workshop |
| 27:41 | Build | Stable |
| 27:44 | Build | Stable |
| 28:02 | Create | Battle Elephant |
| 28:02 | Create | Battle Elephant |
| 28:03 | Create | Battle Elephant |
| 28:03 | Create | Battle Elephant |
| 28:03 | Create | Battle Elephant |
| 28:03 | Create | Battle Elephant |
| 28:04 | Create | Battle Elephant |
| 28:04 | Create | Battle Elephant |
| 28:56 | Create | Battle Elephant |
| 28:57 | Create | Battle Elephant |
| 28:57 | Create | Battle Elephant |
| 28:57 | Create | Battle Elephant |
| 28:58 | Create | Battle Elephant |
| 28:58 | Create | Battle Elephant |
| 28:58 | Create | Battle Elephant |
| 28:58 | Create | Battle Elephant |
| 29:02 | Research | Scale Barding Armor |
| 29:08 | Build | House |
| 29:09 | Build | House |
| 29:09 | Build | House |
| 29:09 | Build | House |
| 29:09 | Build | House |
| 29:10 | Build | House |
| 29:49 | Research | Chain Barding Armor |
| 30:36 | Create | Battle Elephant |
| 30:36 | Create | Battle Elephant |
| 30:36 | Create | Battle Elephant |
| 30:36 | Create | Battle Elephant |
| 30:36 | Create | Battle Elephant |
| 30:37 | Create | Battle Elephant |
| 30:58 | Build | Town Center |
| 31:35 | Create | Villager (Male) |
| 31:35 | Create | Villager (Male) |
| 31:36 | Create | Villager (Male) |
| 33:23 | Research | Imperial Age |
| 33:23 | Research | Imperial Age |
| 33:23 | Research | Imperial Age |
| 33:37 | Build | Mining Camp |
| 33:38 | Create | Villager (Male) |
Build order — Zendevaste
First 150 of 659 actions detected
| 0:02 | Create | Villager (Male) |
| 0:02 | Create | Villager (Male) |
| 0:03 | Build | House |
| 0:05 | Build | House |
| 0:16 | Create | Villager (Male) |
| 0:16 | Create | Villager (Male) |
| 1:09 | Create | Villager (Male) |
| 1:49 | Create | Villager (Male) |
| 1:56 | Build | Lumber Camp |
| 2:07 | Create | Villager (Male) |
| 2:08 | Create | Villager (Male) |
| 2:40 | Create | Villager (Male) |
| 2:41 | Create | Villager (Male) |
| 3:19 | Create | Villager (Male) |
| 3:19 | Create | Villager (Male) |
| 3:30 | Create | Villager (Male) |
| 3:33 | Build | House |
| 3:34 | Build | House |
| 3:37 | Build | House |
| 3:40 | Build | House |
| 4:08 | Build | House |
| 4:12 | Create | Villager (Male) |
| 4:13 | Create | Villager (Male) |
| 4:43 | Create | Villager (Male) |
| 5:14 | Create | Villager (Male) |
| 5:18 | Build | Mill |
| 5:54 | Create | Villager (Male) |
| 6:11 | Create | Villager (Male) |
| 6:14 | Create | Villager (Male) |
| 6:30 | Create | Villager (Male) |
| 6:39 | Create | Villager (Male) |
| 6:55 | Build | Farm |
| 6:58 | Build | Farm |
| 7:01 | Build | Farm |
| 7:05 | Create | Villager (Male) |
| 7:11 | Build | Farm |
| 8:25 | Create | Villager (Male) |
| 8:25 | Create | Villager (Male) |
| 8:32 | Build | Mining Camp |
| 9:12 | Build | Mining Camp |
| 9:27 | Research | Feudal Age |
| 10:27 | Create | Villager (Male) |
| 10:27 | Create | Villager (Male) |
| 10:55 | Age | Feudal Age |
| 10:57 | Build | Market |
| 10:58 | Build | Blacksmith |
| 11:56 | Research | Castle Age |
| 12:34 | Create | Villager (Male) |
| 12:45 | Research | Double-Bit Axe |
| 12:47 | Research | Horse Collar |
| 13:07 | Create | Villager (Male) |
| 13:11 | Build | House |
| 13:13 | Build | House |
| 13:14 | Build | House |
| 13:25 | Create | Villager (Male) |
| 13:32 | Age | Castle Age |
| 13:37 | Build | Town Center |
| 13:38 | Create | Villager (Male) |
| 14:15 | Create | Villager (Male) |
| 14:20 | Build | Farm |
| 14:23 | Build | Farm |
| 14:26 | Build | Farm |
| 14:33 | Create | Villager (Male) |
| 14:36 | Build | House |
| 14:38 | Create | Villager (Male) |
| 14:47 | Create | Villager (Male) |
| 14:55 | Build | Farm |
| 14:57 | Create | Villager (Male) |
| 15:01 | Create | Villager (Male) |
| 15:07 | Build | Farm |
| 15:15 | Research | Loom |
| 15:16 | Create | Villager (Male) |
| 15:23 | Build | Farm |
| 15:36 | Build | Farm |
| 15:53 | Research | Wheelbarrow |
| 16:05 | Build | Farm |
| 16:07 | Create | Villager (Male) |
| 16:09 | Build | Farm |
| 16:17 | Create | Villager (Male) |
| 16:25 | Build | Farm |
| 16:37 | Create | Villager (Male) |
| 16:45 | Create | Villager (Male) |
| 16:46 | Build | Farm |
| 16:54 | Build | Farm |
| 17:04 | Create | Villager (Male) |
| 17:08 | Build | Farm |
| 17:11 | Build | Farm |
| 17:17 | Build | Farm |
| 17:29 | Build | Farm |
| 17:32 | Create | Villager (Male) |
| 17:47 | Create | Villager (Male) |
| 17:59 | Create | Villager (Male) |
| 18:05 | Research | Heavy Plow |
| 18:23 | Research | Bow Saw |
| 18:24 | Create | Villager (Male) |
| 18:25 | Create | Villager (Male) |
| 18:26 | Create | Villager (Male) |
| 18:40 | Build | Castle |
| 18:42 | Create | Villager (Male) |
| 18:58 | Research | Gold Mining |
| 19:01 | Create | Villager (Male) |
| 19:14 | Create | Villager (Male) |
| 19:19 | Build | Mining Camp |
| 19:21 | Create | Villager (Male) |
| 19:25 | Create | Villager (Male) |
| 19:35 | Create | Villager (Male) |
| 19:48 | Build | Farm |
| 19:50 | Build | Farm |
| 19:53 | Build | Farm |
| 19:57 | Build | Farm |
| 19:59 | Build | Farm |
| 20:12 | Create | Villager (Male) |
| 20:17 | Build | Siege Workshop |
| 20:23 | Create | Villager (Male) |
| 20:27 | Create | Villager (Male) |
| 20:30 | Build | House |
| 20:31 | Build | House |
| 20:32 | Build | House |
| 20:34 | Create | Villager (Male) |
| 20:37 | Create | Villager (Male) |
| 20:39 | Create | Villager (Male) |
| 20:41 | Create | Villager (Male) |
| 20:56 | Build | Siege Workshop |
| 20:58 | Create | Villager (Male) |
| 21:13 | Build | Lumber Camp |
| 21:24 | Create | Villager (Male) |
| 21:29 | Create | Battering Ram |
| 21:34 | Create | Karambit Warrior ×5 |
| 21:35 | Create | Karambit Warrior ×5 |
| 21:46 | Create | Battering Ram |
| 21:46 | Create | Battering Ram |
| 21:51 | Create | Karambit Warrior ×5 |
| 21:55 | Create | Villager (Male) |
| 21:55 | Create | Villager (Male) |
| 22:01 | Create | Battering Ram |
| 22:01 | Create | Battering Ram |
| 22:03 | Create | Villager (Male) |
| 22:06 | Build | House |
| 22:07 | Build | House |
| 22:08 | Build | House |
| 22:13 | Create | Villager (Male) |
| 22:19 | Create | Villager (Male) |
| 22:28 | Build | Lumber Camp |
| 22:29 | Create | Villager (Male) |
| 22:40 | Create | Karambit Warrior ×5 |
| 22:43 | Research | Forging |
| 22:48 | Create | Villager (Male) |
| 22:58 | Create | Battering Ram |
| 22:58 | Create | Battering Ram |
| 22:59 | Create | Villager (Male) |
Match timeline
| 8:50 | camilo_dimate · age_up feudal |
| 10:19 | xtracker · age_up feudal |
| 10:55 | Zendevaste · age_up feudal |
| 11:34 | darkoudk · first_market_buy 100 food |
| 11:48 | Zendevaste · first_market_sell 100 stone |
| 11:49 | Zendevaste · first_market_buy 100 food |
| 12:21 | toledogu.zo · wall_segment Palisade Wall x1 |
| 12:35 | [MiLiTia]_MARK · age_up feudal |
| 12:39 | darkoudk · first_market_sell 100 stone |
| 13:08 | caner · age_up feudal |
| 13:19 | toledogu.zo · age_up feudal |
| 13:32 | Zendevaste · age_up castle |
| 14:56 | [ '][' ]\[ '][' ] ● HammeR · wall_segment Palisade Wall x24 |
| 15:10 | [ '][' ]\[ '][' ] ● HammeR · age_up feudal |
| 15:26 | xtracker · age_up castle |
| 16:22 | [MiLiTia]_MARK · age_up castle |
| 16:42 | caner · age_up castle |
| 17:47 | toledogu.zo · age_up castle |
| 18:40 | Zendevaste · first_building Castle |
| 18:49 | camilo_dimate · first_building Barracks |
| 18:56 | darkoudk · first_building Monastery |
| 20:17 | Zendevaste · first_building Siege Workshop |
| 20:23 | camilo_dimate · age_up castle |
| 20:53 | xtracker · first_building Monastery |
| 24:05 | darkoudk · first_building Barracks |
| 24:14 | darkoudk · first_building Castle |
| 24:42 | toledogu.zo · first_building Castle |
| 25:04 | camilo_dimate · first_building Stable |
| 25:46 | [MiLiTia]_MARK · first_building Monastery |
| 26:51 | [MiLiTia]_MARK · first_market_sell 500 wood |
| 27:06 | camilo_dimate · first_building Siege Workshop |
| 28:02 | [MiLiTia]_MARK · first_building Barracks |
| 28:10 | caner · first_building Castle |
| 28:15 | [MiLiTia]_MARK · first_building Siege Workshop |
| 28:23 | darkoudk · first_building Stable |
| 28:31 | [ '][' ]\[ '][' ] ● HammeR · first_market_buy 100 wood |
| 28:34 | [ '][' ]\[ '][' ] ● HammeR · first_market_sell 100 food |
| 28:45 | xtracker · first_building Barracks |
| 29:34 | caner · first_building Barracks |
| 29:53 | xtracker · first_building Stable |
| 29:58 | [MiLiTia]_MARK · first_building Archery Range |
| 30:08 | [MiLiTia]_MARK · first_building Stable |
| 30:24 | [MiLiTia]_MARK · age_up imperial |
| 30:43 | Zendevaste · first_building Monastery |
| 30:56 | caner · first_building Archery Range |
| 31:10 | xtracker · first_building Siege Workshop |
| 31:58 | Zendevaste · first_building Barracks |
| 32:02 | xtracker · first_building Archery Range |
| 32:34 | [MiLiTia]_MARK · first_building Castle |
| 33:45 | xtracker · age_up imperial |
| 33:49 | Zendevaste · age_up imperial |
| 34:19 | xtracker · first_building Castle |
| 34:48 | caner · first_building Siege Workshop |
| 35:05 | toledogu.zo · age_up imperial |
| 35:15 | caner · age_up imperial |
| 36:33 | camilo_dimate · age_up imperial |
| 36:47 | camilo_dimate · first_building Archery Range |
| 38:30 | toledogu.zo · first_building Barracks |
| 39:14 | camilo_dimate · first_building Castle |
| 39:21 | Zendevaste · first_building Archery Range |
| 42:58 | camilo_dimate · resign |
[ AI ANALYSIS · 1 CREDIT ]
What really happened in this match?
Wolo.gg analyzes every decision: build order, eco, micro, common mistakes by bracket. Personalized analysis on WhatsApp or Discord in 30 seconds.
Civ guide
Vietnamese
Perfil
Jugador #1790964